AoeStats
← Augustus Bombastus von Hohenheim

Nomad

510360838Analyzed
2v2 RM · 2d ago on Sep 30, 2026· 38m 43s· 4 players
Game mode
Random Map
Map size
176×176
Population
200
Speed
Normal
Resources
Standard
Victory
Conquest
Starting age
Dark Age
Ending age
Imperial Age
RankedLock teamsTeams togetherTeam positionsShared explorationLock speedFull tech treeHidden civsTurbo modeCheats
Victory
Defeat
🇩🇪 Vikings · Germany
1736
+16
🇩🇪 Spanish · Germany
1549
+23
🇧🇩 Huns · Bangladesh
1733
-20
🇨🇦 Ethiopians · Canada
1704
-19
[BieSt] Bienenkönigin
12:47 Feudal Age
11:02 Loom
13:31 Feudal Age
17:20 Castle Age
26:54 Fishing Lines
31:51 Double-Bit Axe
36:09 Wheelbarrow
NOC | Wean Dinchester
14:28 Feudal Age
15:22 Loom
17:56 Castle Age
16:01 Double-Bit Axe
16:53 Fletching
19:34 Bow Saw
20:07 Fishing Lines
20:26 Town Watch
20:54 Town Watch
23:06 Bodkin Arrow
23:22 Gillnets
24:14 Elite Skirmisher
24:56 Padded Archer Armor
26:22 Horse Collar
29:38 Leather Archer Armor
30:00 Ballistics
32:58 Imperial Age
30:13 Crossbowman
33:41 Bracer
33:07 Arbalester
34:53 Chemistry
34:49 Ring Archer Armor
36:17 Bogsveigar
36:53 Capped Ram
37:54 Gold Mining
37:55 Stone Mining
Augustus Bombastus von Hohenheim
4:22 Loom
13:29 Feudal Age
17:04 Castle Age
15:24 Fletching
16:21 Gold Mining
17:21 Double-Bit Axe
17:55 Bodkin Arrow
22:08 Town Watch
22:39 Padded Archer Armor
25:55 Bloodlines
39:06 Wheelbarrow
TomRiddle
9:34 Loom
11:50 Feudal Age
17:59 Castle Age
17:02 Fletching
17:44 Double-Bit Axe
18:38 Bodkin Arrow
18:44 Crossbowman
20:34 Bow Saw
20:48 Town Watch
21:08 Horse Collar
24:46 Wheelbarrow
31:53 Imperial Age
29:52 Ballistics
30:55 Padded Archer Armor
31:07 Thumb Ring
33:36 Chemistry
32:52 Bracer
34:08 Elite Skirmisher
37:07 Leather Archer Armor
Connection lost

Rejoining the realm…

Still unreachable

The connection could not be restored.

Session expired

The server has moved on; the page needs a fresh start.